[Event "*** Titled Tuesday 3|2 Blitz (Early)"]
[Site "Chess.com"]
[Date "2017.01.03"]
[Round "9"]
[White "Alexander_Moskalenko"]
[Black "Dlugy"]
[Result "1-0"]
[WhiteElo "2678"]
[BlackElo "2687"]
[TimeControl "180+2"]
[EndTime "12:58:15 PST"]
[Termination "Alexander_Moskalenko won by resignation"]

1. e4 c5 2. Nf3 d6 3. Nc3 Nc6 4.
g3 g6 5. Bg2 Bg7 6. O-O e5 7.
a4 Nge7 8. d3 O-O 9. Nd2 Nd4 10.
Nc4 Be6 11. f4 exf4 12. Bxf4 d5 13. exd5 Nxd5 14. Nxd5 Bxd5 15. Bxd5 Qxd5 16. c3 Ne6 17. Bd6 Rfd8 18. Qf3 Qxf3 19. Rxf3 Rd7 20. Be5 Ng5 21. Re3 Re8 22. Rae1 Bxe5 23. Nxe5 Rxe5 24. Rxe5 Nf3+ 25. Kf2 Nxe5 26. Rxe5 Rxd3 27. Ke2 Rd7 28. Rxc5 f5 29. a5 Kf7 30. b4 Kf6 31. h4 h6 32. Ke3 g5 33. hxg5+ hxg5 34. Rc8 Re7+ 35. Kf2 Ke5 36. Rg8 Rc7 37. Rxg5 Kf6 38. Rh5 Kg6 39. Rh8 Rxc3 40. Rb8 Rc7 41. b5 Kg5 42. Ke3 Rc3+ 43. Kd4 Rc7 44.
Ra8 b6 45. a6 Kg4 46. Rg8+ Kf3 47. Kd5 Rc5+ 48. Kd6 Rxb5 49. Kc6 Re5 50. Rg7 b5 51.
Rxa7 Kxg3 52. Rb7 f4 53. a7 Re6+ 54. Kxb5 Re5+ 55. Kb4 Re4+ 56. Ka3 Re1 57. Ka2 Re2+ 58. Rb2 Re8 59. Rb8 Re2+ 60. Kb1 Re1+ 61. Kb2 Re2+ 62.
Kc3 Re3+ 63. Kd2 Ra3 64. Rg8+ Kf2 65. a8=Q Rxa8 66. Rxa8 f3 67. Rf8 Kg2 68. Ke3 1-0

[Event "*** Titled Tuesday 3|2 Blitz (Early)"]
[Site "Chess.com"]
[Date "2017.01.03"]
[Round "9"]
[White "Makalexa"]
[Black "stefanodinn"]
[Result "1-0"]
[WhiteElo "2164"]
[BlackElo "2188"]
[TimeControl "180+2"]
[EndTime "12:58:32 PST"]
[Termination "Makalexa won by resignation"]

1. e4 c5 2. Nf3 d6 3. d4 cxd4 4.
Nxd4 Nf6 5. Nc3 a6 6. Be3 e6 7. f3 h5 8. Qd2 Nbd7 9. O-O-O b5 10. Bd3 Bb7 11. Rhe1 Be7 12. Bf2 b4 13. Nd5 exd5 14. exd5 O-O 15. Nf5 Nxd5 16. Nxe7+ Nxe7 17. Bh4 Ne5 18. Qxb4 Qc7 19. Rxe5 dxe5 20. Qxe7 Qxe7 21. Bxe7 Rfe8 22.
Bb4 e4 23. fxe4 Bxe4 24. Bc4 Rac8 25. Bb3 Rc7 26. g3 Rec8 27. Rd2 g6 28. Re2 Bf3 29. Rf2 Be4 30. Bd6 Rd7 31. Be5 Bd5 32. Ba4 Bc6 33. Bb3 Re8 34. Bc3 Rc8 35. Re2 Bd5 36. Rd2 Be6 37. Bxe6 Rxd2 38. Bxc8 Rxh2 39. Bxa6 Rg2 40.
Be5 f6 41. Bd6 Kf7 42. Bb7 Rg1+ 43. Kd2 Ke6 44. Bb8 g5 45. c4 h4 46. gxh4 gxh4 47.
Bd5+ Kd7 48. c5 h3 49. c6+ Kc8 50. Bh2 Rg5 51. Be6+ Kd8 52. c7+ 1-0

[Event "*** Titled Tuesday 3|2 Blitz (Early)"]
[Site "Chess.com"]
[Date "2017.01.03"]
[Round "9"]
[White "ABDELAZEEZ-M"]
[Black "ChessWarrior7197"]
[Result "0-1"]
[WhiteElo "2064"]
[BlackElo "2472"]
[TimeControl "180+2"]
[EndTime "12:58:35 PST"]
[Termination "ChessWarrior7197 won by resignation"]

1. d4 Nf6 2. Bf4 d5 3. e3 c5 4. Nf3 Bf5 5. Nc3 Nc6 6. a3 e6 7. Be2 Bd6 8. Ne5 Bxe5 9. dxe5 Nd7 10. Bb5 Qb6 11. O-O O-O 12. e4 Bxe4 13. Bxc6 Qxc6 14. Nxe4 dxe4 15. Qg4 Kh8 16. Rad1 Nb6 17. Rd6 Qe8 18. f3 Nc4 19. fxe4 Nxd6 20. exd6 e5 21. Bg5 f6 22.
Be3 b6 23. Rd1 Rd8 24. b4 Qc6 25. Qe6 cxb4 26. axb4 Qxc2 27. Qd5 Rd7 28. Rc1 Qe2 29. Bf2 h6 30. h3 Rfd8 31. Rc6 Qh5 32. b5 Qf7 33.
Qxf7 Rxf7 34. Be1 Rfd7 35. Bb4 Kg8 36. Kf2 Kf7 37. Ke3 Ke6 38. Kf3 Rxd6 39. Bxd6 Rxd6 40. Rc7 Rd3+ 41. Kg4 Rd7 42. Rc6+ Kf7 43. h4 g6 44. h5 Kg7 45. g3 Rf7 46. Kh4 gxh5 47. Kxh5 Kh7 48. g4 Kg7 49. Rd6 Rc7 50. Rd8 Rb7 51. Rd6 Re7 52. Rd8 Rc7 53. Rd6 Kf7 54. Kxh6 Ke7 55.
Rd5 Rc5 56. Kg6 Rxd5 57. exd5 e4 58. d6+ Kxd6 59. Kxf6 e3 60. g5 e2 61. g6 e1=Q 62. g7 Qe6+ 63. Kg5 Kc5 0-1

[Event "*** Titled Tuesday 3|2 Blitz (Early)"]
[Site "Chess.com"]
[Date "2017.01.03"]
[Round "9"]
[White "Fibrinogen"]
[Black "visa"]
[Result "1-0"]
[WhiteElo "2283"]
[BlackElo "2145"]
[TimeControl "180+2"]
[EndTime "12:58:45 PST"]
[Termination "Fibrinogen won on time"]

1. b3 b6 2. Bb2 Bb7 3. e3 e6 4. f4 f5 5. Nf3 Nf6 6. c4 Be7 7. Nc3 O-O 8. Qc2 Ne4 9. d3 Nxc3 10.
Bxc3 Bf6 11. O-O-O Bxc3 12. Qxc3 Bxf3 13. gxf3 Qf6 14.
Qxf6 Rxf6 15. d4 Nc6 16. Rg1 Rh6 17. d5 Nb4 18. dxe6 Rxh2 19. Rxd7 Nxa2+ 20. Kd1 Nc3+ 21. Kc1 Na2+ 22. Kd1 Nc3+ 23. Ke1 g6 24. Rxc7 Re8 25. e7 a5 26. c5 b5 27. c6 Nd5 28. Rd7 Nxe3 29. c7 Nc2+ 30. Kd1 Ne3+ 31. Kc1 Rc2+ 32.
Kb1 Kf7 33. Rd8 Rxc7 34. Rxe8 Kxe8 35. Bxb5+ Kxe7 36. Re1 Kf6 37. Rxe3 h5 38. Bc4 h4 39. Re2 a4 40. Rh2 axb3 41. Bxb3 g5 42. fxg5+ Kxg5 43. Kb2 Rh7 44. Kc3 Kf4 45. Be6 Kg3 46. Rh1 Kg2 47. Ra1 Rc7+ 48. Kd4 h3 49. f4 h2 50. Bd5+ Kg3 51. Ke5 Rc5 52. Rf1 Rc2 53. Kxf5 Rc5 54. Ke6 1-0

[Event "*** Titled Tuesday 3|2 Blitz (Early)"]
[Site "Chess.com"]
[Date "2017.01.03"]
[Round "9"]
[White "Chopper1905"]
[Black "Frolyanov_D"]
[Result "1-0"]
[WhiteElo "2613"]
[BlackElo "2516"]
[TimeControl "180+2"]
[EndTime "12:58:51 PST"]
[Termination "Chopper1905 won by resignation"]

1. Nf3 d5 2. d4 Nf6 3. Bf4 e6 4.
e3 c5 5. Nbd2 Nc6 6. c3 Bd6 7. Bg3 O-O 8. Bd3 b6 9. Qe2 Bb7 10. Rd1 a5 11. e4 Be7 12. e5 Nh5 13. O-O Nxg3 14. hxg3 Qc8 15. Rfe1 Ba6 16. c4 Nb4 17. Bb1 cxd4 18. Rc1 dxc4 19. Nxc4 d3 20. Qe4 Qb7 21. Qg4 Rad8 22. a3 Nc2 23. Bxc2 dxc2 24. Rxc2 Bc5 25. Re4 h6 26. Nxa5 Qd5 27. Rd2 Qa2 28.
Nc4 Rxd2 29. Ncxd2 Qxb2 30. Qh5 Rd8 31. Rf4 Rd7 32. Ne4 Qb1+ 33. Kh2 Bf8 34. Rg4 Kh8 35. Nfg5 g6 36. Nxf7+ Rxf7 37. Qxg6 Rg7 38. Qxh6+ Kg8 39. Rh4 Bd3 40. Qh8+ Kf7 41. Rf4+ Kg6 42. Qxf8 Rh7+ 43. Rh4 Rxh4+ 44. gxh4 Bxe4 45. Qf6+ Kh7 46. Qe7+ Kh8 47. Qxe6 Qd3 48. Qf6+ Kh7 49. f3 Bd5 50. h5 Qd4 51. h6 1-0

[Event "*** Titled Tuesday 3|2 Blitz (Early)"]
[Site "Chess.com"]
[Date "2017.01.03"]
[Round "9"]
[White "Morshynska"]
[Black "bugsbunny444"]
[Result "0-1"]
[WhiteElo "2107"]
[BlackElo "2336"]
[TimeControl "180+2"]
[EndTime "12:58:57 PST"]
[Termination "bugsbunny444 won by resignation"]

1. Nf3 d5 2. g3 Nc6 3. d4 Bf5 4. Bg2 Nb4 5. Na3 e6 6. c3 Nc6 7. O-O Nf6 8. Nc2 Be4 9. Nfe1 Bxg2 10. Kxg2 Bd6 11. f4 O-O 12. Nd3 Ne4 13. Ne3 Ne7 14.
Bd2 b6 15. c4 c5 16. dxc5 bxc5 17. cxd5 exd5 18. b3 d4 19. Nc4 Nf5 20. Kg1 Re8 21. Rf3 Rc8 22. Qf1 Bb8 23. Rd1 Qd5 24. Qg2 h5 25. Nf2 Ned6 26. Nxd6 Bxd6 27. e4 dxe3 28.
Bxe3 Qc6 29. Bc1 Re2 30. Rfd3 c4 31. Qxc6 Rxc6 32. bxc4 Bc5 33. Rf1 Rxa2 34. Rd2 Rca6 35. Rxa2 Rxa2 36. Kg2 Be3 37. Kf3 Rxf2+ 38. Rxf2 Bxc1 39.
Rc2 Nd4+ 40. Ke4 Nxc2 41. c5 Nb4 42. Kd4 a5 43. Kc4 Be3 44. f5 Kf8 45. h3 Ke7 46.
g4 hxg4 47. hxg4 Kd7 48. Kb5 Nc6 49. Ka4 Bxc5 50. Kb5 Bb4 51. Ka4 f6 52. Kb5 Ne5 0-1

[Event "*** Titled Tuesday 3|2 Blitz (Early)"]
[Site "Chess.com"]
[Date "2017.01.03"]
[Round "9"]
[White "Feegus"]
[Black "MrReinberg"]
[Result "1-0"]
[WhiteElo "2326"]
[BlackElo "2211"]
[TimeControl "180+2"]
[EndTime "12:59:10 PST"]
[Termination "Feegus won on time"]

1. Nf3 Nf6 2. g3 c5 3. Bg2 Nc6 4. O-O e5 5. e4 Nxe4 6. Nxe5 Nxe5 7. Bxe4 Be7 8. d4 cxd4 9. Qxd4 Bf6 10. Qb4 d6 11. Rd1 Be7 12. Nc3 Bg4 13. Re1 O-O 14. Bf4 d5 15. Qxb7 dxe4 16. Bxe5 Bf3 17. Nxe4 Rc8 18.
c3 Rc4 19. Nf6+ gxf6 20. Qxf3 fxe5 21. Rxe5 Bf6 22. Rd5 Qe7 23. Rad1 Bg7 24. Rd7 Qe4 25. Qxe4 Rxe4 26. Rxa7 Re2 27. Rb7 Ra8 28. Rdd7 Rxa2 29. Rd8+ Bf8 30. Rbb8 Raxb2 31. Rxf8+ Kg7 32. Rxb2 Rxb2 33. Rc8 Rc2 34. Rc6 h5 35. h4 f6 36. Kg2 Kg6 37.
Rc5 Rc1 38. Kf3 Rc2 39. Ke3 Kh6 40. f3 Kg6 41. Kf4 Rh2 42. Rc7 Rh1 43. c4 Rh2 44. Ke4 Rg2 45. Kf4 Rh2 46. Rc8 Rh1 47. Ke4 Rg1 48. c5 Kf7 49. Kf4 Kg6 50. c6 Rc1 51. Ke4 Kf7 52. c7 Kg7 53. Kf5 Rc6 54. g4 hxg4 55. fxg4 Kh7 56. h5 Kg7 57. h6+ Kh7 58. Ke4 1-0

[Event "*** Titled Tuesday 3|2 Blitz (Early)"]
[Site "Chess.com"]
[Date "2017.01.03"]
[Round "9"]
[White "Th3ChessViking"]
[Black "ZhuChenChess"]
[Result "1-0"]
[WhiteElo "2420"]
[BlackElo "2328"]
[TimeControl "180+2"]
[EndTime "12:59:15 PST"]
[Termination "Th3ChessViking won by resignation"]

1. c4 e5 2. g3 Nf6 3. Bg2 c6 4.
d4 exd4 5. Qxd4 d5 6. Nf3 dxc4 7. Qxd8+ Kxd8 8. O-O Be6 9. Ng5 Nbd7 10. Nd2 Nb6 11.
Nxe6+ fxe6 12. Rd1 Ke8 13. Nf3 Bc5 14. Bf4 Ke7 15.
Rac1 Rad8 16. Rxd8 Rxd8 17. Ne5 Bd4 18. Nxc4 Nxc4 19.
Rxc4 e5 20. Bg5 h6 21. Bxf6+ Kxf6 22. e3 Bb6 23. Rc2 Rd1+ 24. Bf1 e4 25. Kg2 Ke5 26. Bc4 Ba5 27. Bb3 Rd2 28. Rc5+ Kd6 29. Rxa5 a6 30.
Rf5 Rxb2 31. Rf7 b5 32. Rxg7 a5 33. Rg6+ Kc7 34. Rxh6 a4 35. Bg8 b4 36. Rh7+ Kb6 37.
h4 c5 38. h5 b3 39. axb3 a3 40. b4 cxb4 41. Bd5 a2 42. Rb7+ Kc5 43. Bxa2 Rxa2 44. h6 Ra6 45. h7 Rh6 46. g4 Kc4 47. g5 Rh5 48. g6 b3 49. Kg3 Kc3 50. Kg4 Rh2 51. Kg5 b2 52. Kf5 Rxf2+ 53. Kxe4 Rh2 54. Kf5 Rf2+ 55. Ke6 Rh2 56. Kf7 Kc2 57. Kg8 b1=Q 58.
Rxb1 Kxb1 59. g7 1-0

[Event "*** Titled Tuesday 3|2 Blitz (Early)"]
[Site "Chess.com"]
[Date "2017.01.03"]
[Round "9"]
[White "Ginger_GM"]
[Black "PowerThinking2650"]
[Result "1-0"]
[WhiteElo "2453"]
[BlackElo "2261"]
[TimeControl "180+2"]
[EndTime "12:59:18 PST"]
[Termination "Ginger_GM won on time"]

1. h4 e5 2. h5 d5 3. h6 Nxh6 4. d4 exd4 5. Bxh6 gxh6 6. Qxd4 Rg8 7. c3 Nc6 8. Qd3 Qg5 9. Nd2 Bf5 10. Ngf3 Bxd3 11. Nxg5 Bg6 12. Ngf3 O-O-O 13. e3 Bg7 14. Nb3 Rge8 15. O-O-O a5 16. Nbd4 Nxd4 17. Nxd4 c6 18.
Bd3 Re5 19. Nf3 Re7 20. Rh4 b5 21. Rdh1 Kc7 22. Kd2 Rde8 23. a3 Kd6 24. Nd4 Bxd4 25. cxd4 h5 26. Rc1 Rc7 27. Rc5 f5 28. g3 Rb8 29. b3 Re8 30. Be2 Re4 31. Rh1 h4 32. Bf3 Re8 33. Rxh4 Ra8 34. Rh1 a4 35. b4 Re8 36.
Rhc1 Ree7 37. Rh1 Rg7 38. Rcc1 Rge7 39. Rh4 Re6 40. Rch1 Rg7 41. Be2 Ree7 42. Bd3 Rgf7 43. Rf4 Ke6 44. Rh6 Rf6 45. Ke2 Ref7 46. Kf3 Ke7 47.
Rfh4 Ke6 48. Kf4 Re7 49. Rh1 Ref7 50. Rc1 Kd6 51. Kg5 Re6 52. Kf4 Ref6 53. Kf3 f4 54.
Bxg6 fxe3+ 55. Kxe3 hxg6 56. f4 Re7+ 57. Kf3 Rfe6 58.
Kg4 Rf7 59. Rch1 Rff6 60. Rh7 Re3 61. Rb7 Rd3 62. Rhh7 1-0

[Event "*** Titled Tuesday 3|2 Blitz (Early)"]
[Site "Chess.com"]
[Date "2017.01.03"]
[Round "9"]
[White "Iball95"]
[Black "Mischuk_D"]
[Result "1/2-1/2"]
[WhiteElo "2464"]
[BlackElo "2458"]
[TimeControl "180+2"]
[EndTime "12:59:26 PST"]
[Termination "Game drawn - insufficient material"]

1. e4 c5 2. Nf3 d6 3. Bb5+ Bd7 4. Bxd7+ Nxd7 5. O-O Ngf6 6. Qe2 g6 7. b3 Bg7 8. Bb2 O-O 9. c4 a6 10. d4 cxd4 11.
Nxd4 Ne5 12. Nc3 Nc6 13. Nxc6 bxc6 14. Rad1 Nd7 15. f4 Qc7 16. Kh1 a5 17. Rf3 Nc5 18.
Rh3 Rfb8 19. Qe1 h5 20. Ba3 a4 21. b4 Na6 22. b5 cxb5 23. cxb5 Nc5 24. Nd5 Qb7 25. f5 e6 26. fxe6 fxe6 27. Nf4 Qxe4 28. Bxc5 Qxe1+ 29. Rxe1 dxc5 30. Nxe6 Rxb5 31. Nc7 Rab8 32.
Nxb5 Rxb5 33. Rd3 Bd4 34. g3 Rb2 35. a3 Kf7 36. Rf3+ Kg7 37. Re7+ Kh6 38. h4 Rb1+ 39. Kg2 Rb2+ 40. Kf1 Rb6 41. Ra7 g5 42. Rxa4 gxh4 43. gxh4 Rc6 44. Rc4 Kg6 45. a4 Rb6 46. Rc2 Rb1+ 47.
Ke2 Ra1 48. Rc4 Ra2+ 49. Kd3 Ra1 50. Ke4 Ra2 51. Kd5 Ra1 52. Kc6 Ra2 53. Kb6 Rb2+ 54. Ka6 Bf6 55. Rxc5 Bxh4 56. Rc6+ Kg5 57. a5 Be1 58. Rf1 Bg3 59. Rc5+ Kg4 60. Rb5 Ra2 61. Rb4+ Kh3 62. Kb6 h4 63. a6 Kg2 64. Rfb1 Bf2+ 65. Kb7 h3 66. R4b2 Rxb2+ 67. Rxb2 h2 68. Rb1 h1=Q 69.
Rxh1 Kxh1 70. a7 Bxa7 1/2-1/2

[Event "*** Titled Tuesday 3|2 Blitz (Early)"]
[Site "Chess.com"]
[Date "2017.01.03"]
[Round "9"]
[White "AlexanderL"]
[Black "AndrBaryshpolets"]
[Result "1/2-1/2"]
[WhiteElo "2570"]
[BlackElo "2456"]
[TimeControl "180+2"]
[EndTime "12:59:29 PST"]
[Termination "Game drawn - insufficient material"]

1. d4 d5 2. c4 e6 3. Nf3 Nf6 4. g3 Bb4+ 5. Bd2 Be7 6. Bg2 O-O 7. O-O c6 8. Qc2 b6 9. Rd1 Nbd7 10. Bf4 Bb7 11. Nc3 dxc4 12. Nd2 Nd5 13. Nxc4 Nxf4 14.
gxf4 Qc7 15. e3 Rad8 16. Rac1 c5 17. d5 exd5 18. Nxd5 Bxd5 19. Rxd5 Nf6 20. Rxd8 Rxd8 21. Ne5 Bd6 22. b4 Bxe5 23. fxe5 Qxe5 24. bxc5 bxc5 25. Qxc5 Qxc5 26. Rxc5 Rd1+ 27. Bf1 g6 28. f3 Nd7 29. Ra5 Nb6 30. Kf2 Rd2+ 31. Be2 Rb2 32. Rxa7 Nd5 33. Ra3 Rc2 34. Ke1 Nb4 35. Ra4 Nxa2 36.
Bd1 Rxh2 37. Bb3 Nc3 38. Ra8+ Kg7 39. Bc4 Rh4 40. Rc8 Na4 41. Rc7 Nb2 42. Rxf7+ Kh6 43. Be2 Na4 44. Rc7 Nb6 45. e4 Rh1+ 46. Kf2 Rb1 47. Rb7 Rb2 48. e5 Nc4 49. Rxb2 Nxb2 50. Ke3 Kg7 51. Bb5 h5 52. Kd2 h4 53. Kc2 h3 54. f4 h2 55. Bc6 Nc4 56. Kd3 Na5 57. Bd5 Nb3 58. Ke3 Nc5 59. Kf3 Nd3 60. Kg3 Kf8 61. Be4 Ke7 62. Kxh2 Nxf4 63. Bxg6 Nxg6 64. e6 Ne5 65. Kg3 Kxe6 1/2-1/2

[Event "*** Titled Tuesday 3|2 Blitz (Early)"]
[Site "Chess.com"]
[Date "2017.01.03"]
[Round "9"]
[White "FastChance"]
[Black "davidarenas1224"]
[Result "0-1"]
[WhiteElo "2483"]
[BlackElo "2262"]
[TimeControl "180+2"]
[EndTime "12:59:29 PST"]
[Termination "davidarenas1224 won by resignation"]

1. d4 Nf6 2. Bf4 g6 3. e3 Bg7 4. Nf3 O-O 5. Be2 c5 6. h3 b6 7. c3 Bb7 8. O-O d6 9. Nbd2 Nbd7 10. Bh2 a6 11. a4 cxd4 12. exd4 Nd5 13. Re1 Bh6 14. Nc4 b5 15. axb5 axb5 16. Rxa8 Qxa8 17. Ncd2 b4 18. c4 Nf4 19. Bf1 Rb8 20. Bxf4 Bxf4 21.
g3 Bxd2 22. Nxd2 e5 23. c5 dxc5 24. dxe5 Bd5 25. Nc4 Be6 26. Qd6 Qa2 27. Ne3 Qxb2 28. Nd5 Kg7 29. Nf6 Qd4 30. Qc7 Ra8 31. Qc6 Ra2 32. Re2 Rxe2 33. Bxe2 Nxf6 34. exf6+ Qxf6 35. Qxc5 b3 36. Qb4 h5 37. Kg2 Qe5 38. Bd3 Bd5+ 39.
Kf1 Qa1+ 40. Ke2 Qb2+ 41. Ke3 Be6 42. g4 hxg4 43. hxg4 Qe5+ 44. Kd2 Qg5+ 45. Kc3 Qc1+ 46. Kd4 b2 47. Ke4 Qc6+ 48. Ke3 Qc1+ 49. Ke4 Ba2 50. Qd4+ Kh7 51. Kf3 b1=Q 52. Bxb1 Qxb1 53. Qf4 Qb3+ 54.
Kg2 Qc3 55. f3 Kg7 56. Kg3 Be6 57. Qb8 Qc4 58. Kf2 Qc3 59. Kg3 Qd4 60. Qc7 Bd5 61. Kg2 Qxg4+ 62. Kf1 Qxf3+ 63. Ke1 Qe4+ 64. Kd2 Qd4+ 65.
Ke2 Bc4+ 66. Ke1 Be6 67. Qg3 Kf6 68. Qf2+ Qxf2+ 0-1

[Event "*** Titled Tuesday 3|2 Blitz (Early)"]
[Site "Chess.com"]
[Date "2017.01.03"]
[Round "9"]
[White "Corpescador"]
[Black "Firebullet"]
[Result "1/2-1/2"]
[WhiteElo "2426"]
[BlackElo "2283"]
[TimeControl "180+2"]
[EndTime "12:59:30 PST"]
[Termination "Game drawn - insufficient material"]

1. e4 c5 2. Nf3 Nc6 3. d4 cxd4 4.
Nxd4 Nf6 5. Nc3 e5 6. Ndb5 d6 7. Bg5 a6 8. Na3 b5 9. Bxf6 gxf6 10. Nd5 Bg7 11. Bd3 Ne7 12. Nxe7 Qxe7 13. O-O O-O 14. c3 f5 15. exf5 d5 16. Be2 Bxf5 17. Qxd5 Be6 18. Qf3 f5 19. Nc2 Rae8 20. Rfe1 Kh8 21.
a4 bxa4 22. Bxa6 e4 23. Qh5 Rf6 24. Bb5 Rg8 25. g3 Rh6 26. Qe2 Be5 27. Ne3 f4 28.
Nf1 e3 29. Rxa4 Qc5 30. Nxe3 fxe3 31. Qxe3 Qxb5 32. Qxe5+ Qxe5 33. Rxe5 Rd8 34. Rae4 Bf7 35. Re1 Rb6 36. b4 Rc8 37. R5e3 Kg7 38. h4 h5 39. Rd1 Rc7 40. Rd4 Rbc6 41. Rde4 Rxc3 42. Rxc3 Rxc3 43. Rd4 Kf6 44. Rf4+ Ke7 45. Kf1 Bd5 46. Ke1 Rb3 47. Kd2 Ke6 48. Kc2 Rf3 49. Rxf3 Bxf3 50. Kd3 Kf5 51. b5 Bb7 52. Ke3 Kg4 53. Ke2 Kh3 54. Ke3 Kg4 55. Ke2 Kh3 56. Ke1 Kg4 57. Ke2 Bg2 58. b6 Bb7 59. Ke3 Ba8 60.
Kd4 Kf3 61. Ke5 Kxf2 62. Kf4 Bf3 63. Kg5 Kxg3 64. b7 Bxb7 65. Kxh5 Bf3+ 66. Kg5 Bd1 67. h5 Be2 68. h6 Bd3 69. Kf6 Kg4 70. Kg7 Kg5 71. h7 Bxh7 1/2-1/2

[Event "*** Titled Tuesday 3|2 Blitz (Early)"]
[Site "Chess.com"]
[Date "2017.01.03"]
[Round "9"]
[White "aspired"]
[Black "rubhani"]
[Result "1-0"]
[WhiteElo "2436"]
[BlackElo "2414"]
[TimeControl "180+2"]
[EndTime "12:59:46 PST"]
[Termination "aspired won by resignation"]

1. e4 c5 2. Ne2 d6 3. c3 Nf6 4. g3 Bd7 5. Bg2 Bc6 6. Qc2 Nbd7 7.
O-O e6 8. d4 cxd4 9. Nxd4 Be7 10. Nxc6 bxc6 11. c4 O-O 12. Nc3 Qc7 13. Rd1 a5 14. h3 e5 15. Be3 Nc5 16. Bxc5 dxc5 17. Ne2 Rfd8 18. Rxd8+ Rxd8 19. Rd1 Nd7 20. h4 Nf8 21.
Rxd8 Qxd8 22. Bh3 h5 23. Kg2 g5 24. hxg5 Bxg5 25. Qc3 Ng6 26. Bf5 Bd2 27. Qf3 Qg5 28.
Bxg6 Qxg6 29. Qf5 Qxf5 30. exf5 e4 31. f3 e3 32. g4 h4 33. g5 Kf8 34. f4 Be1 35. Ng1 Bf2 36. Nh3 Be1 37. Kf3 Bd2 38.
b3 Ke7 39. Ke2 Kd6 40. Ng1 Ke7 41. Kf3 Kf8 42. Nh3 Kg7 43. Ke2 f6 44. Kf3 Bc1 45.
g6 Bd2 46. Ke2 Kh6 47. Ng1 Kg7 48. Kf3 Kh6 49. Ne2 Kg7 50. Ng1 Kh6 51. Kg4 Be1 52. Kf3 Bf2 53. Nh3 Be1 54. Kxe3 Bc3 55. Kf3 Be1 56.
Kg4 Kg7 57. Ng1 Kh6 58. Nf3 Bc3 59. Nxh4 Kg7 60. Ng2 Bb2 61. Ne1 Bd4 62. Nd3 Bg1 63. Kf3 Bd4 64. Ke4 Bg1 65. Nb2 Bd4 66. Na4 Kf8 67. Nb6 Kg7 68. Nd7 Bg1 69. Nb8 1-0

[Event "*** Titled Tuesday 3|2 Blitz (Early)"]
[Site "Chess.com"]
[Date "2017.01.03"]
[Round "9"]
[White "Holden-Caulfield"]
[Black "biostatistician"]
[Result "1-0"]
[WhiteElo "2458"]
[BlackElo "2432"]
[TimeControl "180+2"]
[EndTime "12:59:59 PST"]
[Termination "Holden-Caulfield won by checkmate"]

1. d4 Nf6 2. Nf3 g6 3. Bf4 Bg7 4. e3 O-O 5. Be2 c5 6. c3 b6 7. O-O Bb7 8. h3 d6 9. Nbd2 Nc6 10. Bh2 Rc8 11. a4 Rc7 12. Qb3 Qa8 13. Rfc1 Rfc8 14. Bf1 Na5 15. Qd1 Ne4 16. Nxe4 Bxe4 17. Nd2 Bb7 18. Qg4 cxd4 19. exd4 Bd5 20. Qd1 Nc4 21. Nxc4 Bxc4 22. Bxc4 Rxc4 23. Qe2 Qb7 24. Re1 Bf6 25.
Bf4 a6 26. Bd2 b5 27. axb5 axb5 28. Ra5 b4 29. Rea1 Qd7 30. Ra7 Qe6 31. Qd3 h5 32.
Ra8 Kg7 33. R8a7 Qd5 34. Qe3 Kg8 35. R7a5 Qe6 36. Qf3 bxc3 37. bxc3 Rb8 38. Re1 Qd7 39. Ra8 Rxa8 40. Qxa8+ Rc8 41. Qa6 Qc6 42. Qd3 Qc4 43. Qe4 Qa2 44. Re2 Qa1+ 45. Kh2 Qd1 46. g3 Qf1 47. Qf3 Qd1 48. Kg2 Rb8 49. Be1 Rb1 50. Re3 Qc1 51. Qe4 Kg7 52. Re2 Ra1 53. Qe3 Qd1 54.
Qe4 Qc1 55. Qe3 Qd1 56. Qe4 Ra3 57. g4 hxg4 58. hxg4 Ra1 59. Qe3 Ra5 60. Qd2 Qb1 61. Qc2 Qb7+ 62. Qe4 Qb5 63. c4 Qa4 64. Bxa5 Qxa5 65.
Rc2 Qg5 66. c5 dxc5 67. dxc5 Be5 68. c6 Bc7 69. Re2 e6 70. Qd4+ Kh7 71. Re3 e5 72. Qd7 Kg7 73. Rf3 Kh6 74. Rxf7 e4 75. Rh7# 1-0

[Event "*** Titled Tuesday 3|2 Blitz (Early)"]
[Site "Chess.com"]
[Date "2017.01.03"]
[Round "9"]
[White "sandropozo"]
[Black "chito89"]
[Result "1-0"]
[WhiteElo "2435"]
[BlackElo "2515"]
[TimeControl "180+2"]
[EndTime "13:00:37 PST"]
[Termination "sandropozo won by resignation"]

1. d4 c5 2. e3 d5 3. c4 cxd4 4.
exd4 Nf6 5. Nc3 g6 6. Nf3 Bg7 7. Be2 O-O 8. O-O Nc6 9. h3 dxc4 10. Bxc4 Na5 11. Bd3 Be6 12. Re1 Rc8 13. Bg5 Nc4 14. Bxc4 Bxc4 15. Qd2 Qd6 16. Bh6 Rfd8 17. Bxg7 Kxg7 18.
Rad1 Bd5 19. Ne5 a6 20. Re2 b5 21. a3 Bb3 22. Rde1 Qxd4 23. Qxd4 Rxd4 24. Nf3 Rd6 25.
Rxe7 Nd5 26. Ne4 Rdc6 27. Rd7 Rc1 28. Rxc1 Rxc1+ 29. Kh2 Rd1 30. Ne5 Nf6 31. Rxd1 Bxd1 32. Nc5 a5 33. Nc6 a4 34. Nd4 Nd5 35. Nxb5 Nb6 36.
Nc3 Bc2 37. Kg3 Kf6 38. Kf4 Ke7 39. Ke3 Nc4+ 40. Kd4 Nxb2 41. Nd5+ Kd6 42. Nb7+ Kc6 43. Nd8+ Kd7 44. Nxf7 Bb3 45. Ne5+ Ke6 46. Nf4+ Kf5 47.
Ne2 Nd1 48. g4+ Kf6 49. f4 Nf2 50. h4 h5 51. gxh5 gxh5 52. Ng3 Bd1 53. Nd7+ Ke6 54. Nc5+ Kf7 55. Nce4 Nh3 56. Ke5 Ng1 57. Ng5+ Kg7 58. f5 Bg4 59. N3e4 Ne2 60. Nc5 Nc1 61. Nce6+ Kg8 62.
f6 Nd3+ 63. Kd6 Bxe6 64. Kxe6 Nf4+ 65. Kf5 Ng2 66. Ke6 Nxh4 67. f7+ Kg7 68. Ke7 Ng6+ 69. Ke8 h4 70. Nh3 Kf6 71. Nf4 Nxf4 72. f8=Q+ Kg5 73.
Qg7+ Kh5 74. Qf7+ Kg5 75. Qg7+ Kh5 76. Qg1 h3 77. Qg3 1-0

[Event "*** Titled Tuesday 3|2 Blitz (Early)"]
[Site "Chess.com"]
[Date "2017.01.03"]
[Round "9"]
[White "ChristopherYoo"]
[Black "1e41-0"]
[Result "1/2-1/2"]
[WhiteElo "2057"]
[BlackElo "2301"]
[TimeControl "180+2"]
[EndTime "13:02:42 PST"]
[Termination "Game drawn - insufficient material"]

1. e4 c5 2. Nf3 e6 3. d4 cxd4 4.
Nxd4 a6 5. Nc3 b5 6. Bd3 Bc5 7.
Nb3 Be7 8. O-O Bb7 9. f4 d6 10. f5 e5 11. g4 Qb6+ 12. Kh1 b4 13. Ne2 d5 14. Ng3 Nf6 15. Qe2 h6 16. Bd2 Nbd7 17.
Rae1 a5 18. Kg2 a4 19. Nc1 Nc5 20. exd5 Bxd5+ 21. Kh3 Nxd3 22. Nxd3 e4 23. Nf4 Bc6 24. Ngh5 O-O 25. Be3 Qb7 26. Rg1 Nh7 27. Ng2 Ng5+ 28. Bxg5 Bxg5 29. f6 g6 30. Ng3 h5 31.
Nxe4 Rfe8 32. Nxg5 Rxe2 33. Rxe2 hxg4+ 34. Kxg4 Bd7+ 35. Kg3 Qc7+ 36. Nf4 Qc5 37. Nf3 Bc6 38. Rge1 Bxf3 39.
Kxf3 Qc6+ 40. Kg3 Qxf6 41. c3 bxc3 42. bxc3 Qxc3+ 43. Kg2 Qc6+ 44. Kg3 Rd8 45. h4 Qc3+ 46. Re3 Qc7 47. Kf3 Qb7+ 48. Kg3 Qb8 49. Kf3 Qa8+ 50.
Kg3 Kg7 51. R1e2 Qb8 52. Rf3 Rd4 53. Ref2 Qd6 54. Kg2 Rd2 55. Nh3 Rxf2+ 56. Rxf2 Qd5+ 57. Kg3 Qe5+ 58. Nf4 f6 59. Kg2 Qe4+ 60. Kg3 g5 61.
hxg5 fxg5 62. Ng2 Qe5+ 63. Kg4 Qd5 64. Kg3 Qd3+ 65. Kg4 Qd5 66. Kg3 Qe5+ 67. Kg4 a3 68. Kf3 Qd5+ 69. Kg3 Qe5+ 70. Kg4 Qb2 71. Kg3 Qb8+ 72.
Kg4 Kg6 73. Ne3 Qb4+ 74. Kg3 Qe4 75. Rf3 Qe5+ 76. Kg2 Qe4 77. Kg3 Qb1 78. Rf2 Qg1+ 79. Kf3 Qh1+ 80. Kg3 Qh4+ 81. Kf3 Kh5 82. Rg2 Qh3+ 83.
Kf2 Qh4+ 84. Ke2 Qh3 85. Kf2 Qe6 86. Kf3 Qc6+ 87. Kf2 Qc5 88. Kf3 Qd4 89. Rh2+ Kg6 90. Rg2 Qf4+ 91. Ke2 Qe4 92. Kf2 Qe6 93. Kf3 Qc6+ 94.
Kf2 Qc7 95. Kf3 Qf4+ 96. Ke2 Qd4 97. Kf3 Qc3 98. Ke2 Qb2+ 99. Kf3 Kf6 100. Rxb2 axb2 101. Nd5+ Ke5 102. Nc3 Kd4 103. Nb1 Kd3 104. a4 Kc4 105. Ke2 Kb4 106. Kd2 Kxa4 107. Kc2 g4 108. Kxb2 g3 109. Nd2 Kb4 110. Kc2 Kc5 111. Kd3 Kd5 112. Ke3 Ke5 113. Kf3 Kd4 114. Kxg3 1/2-1/2